 Dungeon Crawl Stone Soup version 0.22-a0-422-g9628fc8 (webtiles) character file.

90 ClockworkOrrery the Skirmisher (level 4, 0/29 HPs)
             Began as a Gargoyle Fighter on May 19, 2018.
             Slain by 12572944's ghost (10 damage)
             ... on level 3 of the Dungeon.
             The game lasted 00:06:22 (1905 turns).

ClockworkOrrery the Skirmisher (Gargoyle Fighter)   Turns: 1905, Time: 00:06:23

Health: 0/29       AC: 10    Str: 19    XL:     4   Next: 56%
Magic:  4/4        EV:  7    Int: 10    God:
Gold:   151        SH:  9    Dex:  9    Spells: 3/3 levels left

rFire    . . .     SeeInvis .   a - +0 flail
rCold    . . .     Gourm    .   c - +0 shield
rNeg     + . .     Faith    .   b - +0 scale mail
rPois    ∞         Spirit   .   (no helmet)
rElec    +         Reflect  .   (no cloak)
rCorr    .         Harm     .   (no gloves)
MR       .....                  (no boots)
Stlth    ..........             (no amulet)
HPRegen  0.09/turn              (no ring)
MPRegen  0.09/turn              (no ring)

@: no status effects
A: negative energy resistance 1, electricity resistance, unbreathing,
petrification resistance, rot immunity, AC +3
a: no special abilities


You were on level 3 of the Dungeon.
You were not hungry.

You visited 1 branch of the dungeon, and saw 3 of its levels.

You collected 151 gold pieces.

Inventory:

Hand Weapons
 a - a +0 flail (weapon)
Armour
 b - a +0 scale mail (worn)
 c - a +0 shield (worn)
Scrolls
 e - a scroll of magic mapping {unknown}
 h - a scroll of blinking {unknown}
 j - 2 scrolls of teleportation {unknown}
 l - 2 scrolls of remove curse {unknown}
 q - a scroll of fear {unknown}
Potions
 d - a potion of might
 i - a potion of brilliance {unknown}
 k - a potion of haste {unknown}
 m - a potion of heal wounds {unknown}
 n - 2 potions of lignification {unknown}
 o - a potion of berserk rage {unknown}
 p - a potion of curing {unknown}
Comestibles
 f - 3 rations
 g - a chunk of flesh


   Skills:
 * Level 4.2 Fighting
 + Level 2.5 Maces & Flails
 + Level 3.8 Armour
 + Level 1.1 Dodging
 + Level 3.7 Shields


You had 3 spell levels left.
You didn't know any spells.
Your spell library was empty.

Dungeon Overview and Level Annotations

Branches:
Dungeon (3/15)

Altars:

Annotations:
D:3 12572944's ghost, amateur DsGl


Innate Abilities, Weirdness & Mutations

You are resistant to torment.
Your stone body is resilient. (AC +3)
You are immune to poison.
You resist negative energy. (rN+)
You are resistant to electric shocks. (rElec)
You can survive without breathing.
You are immune to petrification.
You are immune to rotting.


Message History

You barely miss 12572944's ghost. 12572944's ghost hits you but does no damage.
You block the bat's attack.
Your shield prevents you from hitting 12572944's ghost.
The bat hits you.
You block 12572944's ghost's attack. 12572944's ghost hits you.
You hit 12572944's ghost. 12572944's ghost is lightly damaged.
The bat hits you but does no damage.
You block the bat's attack. 12572944's ghost hits you.
You closely miss the bat. The bat hits you.
The bat completely misses you. 12572944's ghost ducks and says, "Too high!" 12572944's ghost hits you. 12572944's ghost hits you!
The bat hits you but does no damage. x2
The goblin hits you but does no damage. The bat hits you but does no damage.
You block the goblin's attack. The bat completely misses you.
You block the bat's attack.
Found 5 bolts.
You block the bat's attack. 12572944's ghost hits you!
You die...

#...##.....#
#.#..........#
#.#...########
#.##)#### ## #.
#.##.. .# ###(
#.##.#### .# ...
#.##.##.##.####.#
#.##b##.#>#........#
#..@gr...###..######
.......##W##.#.#.#)#
#..###. #..........#
# #. ######...### #.
#...# .. #...# ##
#r..# #...# #g..#


You could see 12572944's ghost, a goblin, a bat and a rat.

Vanquished Creatures
  An orc priest (D:3)
  An adder (D:2)
  An ooze (D:1)
  2 worms (D:2)
  2 leopard geckos (D:1)
  2 orcs (D:3)
  3 giant cockroaches
  3 goblins (D:2)
  4 hobgoblins
  3 kobolds
  7 bats
  5 frilled lizards
  6 rats
40 creatures vanquished.

Notes
Turn   | Place    | Note
-------+----------+-------------------------------------------
     0 | D:1      | ClockworkOrrery the Gargoyle Fighter began the quest for the Orb.
     0 | D:1      | Reached XP level 1. HP: 14/14 MP: 1/1
   207 | D:1      | Reached XP level 2. HP: 15/19 MP: 2/2
   653 | D:1      | Reached XP level 3. HP: 22/24 MP: 3/3
  1177 | D:2      | Reached skill level 4 in Fighting
  1574 | D:3      | Reached XP level 4. HP: 7/29 MP: 4/4
  1578 | D:3      | Reached skill level 1 in Dodging
  1885 | D:3      | Noticed 12572944's ghost (amateur DsGl)
  1905 | D:3      | Slain by 12572944's ghost

Vault maps used:
D:1:      lemuel_arrival_tunnels, minmay_liquid_box, minmay_misc_feat_encased
D:3:      serial_bayou_pond_c, uniq_jessica

Skill      XL: |  1  2  3  4 |
---------------+-------------+-----
Fighting       | 4 |  4.2
Dodging        | 1 |  1.1
Maces & Flails | |  2.5
Armour         | |  3.8
Shields        | |  3.7

Action                   |  1- 3 |  4- 6 || total
-------------------------+-------+-------++-------
Melee: Flail             |   185 |    18 ||   203
  Eat: Chunk             |     2 |     2 ||     4
Armor: Scale mail        |    86 |    13 ||    99
Dodge: Dodged            |    61 |    10 ||    71
Block: Shield            |   105 |    15 ||   120

Table legend:
 A = Spawn XP
 B = Non-spawn XP
 C = Spawn XP percentage of total XP
 D = Spawn monster count
 E = Non-spawn monster count
 F = Spawn count percentage of total count
 G = Total turns spent on level
                    A         B        C        D         E        F      G
               +---------+---------+-------+---------+---------+-------+---------
         Total |       0 |     129 |   0.0 |       0 |      40 |   0.0 |  1905
               +---------+---------+-------+---------+---------+-------+---------
           D:1 |       0 |      35 |   0.0 |       0 |      19 |   0.0 |  1029
           D:2 |       0 |      44 |   0.0 |       0 |      16 |   0.0 |   533
           D:3 |       0 |      50 |   0.0 |       0 |       5 |   0.0 |   343
               +---------+---------+-------+---------+---------+-------+---------
